 Dungeon Crawl Stone Soup version 0.27.1-33-g824d729ab1 (webtiles) character file.

Game seed: 18333973783622001424

205 ticklebelly the Chopper (level 5, 0/48 HPs)
             Began as a Minotaur Berserker on Jan 1, 2022.
             Was a Believer of Trog.
             Slain by a gnoll (11 damage)
             ... on level 4 of the Dungeon.
             The game lasted 00:11:36 (3710 turns).

ticklebelly the Chopper (Minotaur Berserker)        Turns: 3710, Time: 00:11:36

Health: 0/48       AC:  2    Str: 23    XL:     5   Next: 52%
Magic:  1/1        EV: 12    Int:  4    God:    Trog [**....]
Gold:   131        SH:  0    Dex:  9    Spells: 4/4 levels left

rFire    + . .     SeeInvis .   j - +1 halberd (antimagic)
rCold    x . .     Faith    .   (shield currently unavailable)
rNeg     . . .     Spirit   .   b - +0 animal skin
rPois    .         Reflect  .   (helmet restricted)
rElec    .         Harm     .   (no cloak)
rCorr    .         Rampage  .   (no gloves)
Will     ++...                  (no boots)
Stlth    +.........             (no amulet)
HPRegen  1.16/turn              l - ring of fire
MPRegen  0.07/turn              (no ring)

@: strong-willed, regenerating
A: horns 2, retaliatory headbutt
a: Renounce Religion, Berserk, Trog's Hand


You were on level 4 of the Dungeon.
You worshipped Trog.
Trog was pleased with you.
You visited 1 branch of the dungeon, and saw 4 of its levels.

You collected 131 gold pieces.

Inventory:

Hand Weapons
 a - a +0 hand axe
 j - a +1 antimagic halberd (weapon)
Missiles
 h - 7 boomerangs (quivered)
Armour
 b - a +0 animal skin (worn)
 i - a +0 buckler
Jewellery
 l - a ring of fire (left hand)
Scrolls
 c - 5 scrolls of identify {unknown}
 d - a scroll of magic mapping {unknown}
 e - 2 scrolls of teleportation {unknown}
 k - a scroll of brand weapon {unknown}
 m - a scroll of blinking {unknown}
 p - 2 scrolls of fog {unknown}
Potions
 f - 3 potions of curing {unknown}
 g - a potion of lignification {unknown}
 n - a potion of brilliance {unknown}
 o - 2 potions of might {unknown}
 q - a potion of heal wounds {unknown}


   Skills:
 + Level 5.2 Fighting
 + Level 5.2 Axes
 + Level 3.0 Armour
 + Level 2.7 Dodging
 + Level 2.5 Shields


You had 4 spell levels left.
You didn't know any spells.
Your spell library was empty.

Dungeon Overview and Level Annotations

Branches:
Dungeon (4/15)
 Temple: D:4-7

Altars:


Innate Abilities, Weirdness & Mutations

You have a pair of horns on your head.
You reflexively headbutt those who attack you in melee.


Message History

You barely miss the quokka. You headbutt the quokka.
You kill the quokka!
Trog accepts your kill.
The hobgoblin hits you but does no damage.
You closely miss the hobgoblin. The hobgoblin closely misses you.
You slash the hobgoblin!
You kill the hobgoblin!
Trog accepts your kill.
You start resting.
HP restored.
Your skin crawls.
You feel strong-willed.
You climb downwards.
The gnoll barely misses you. The hobgoblin barely misses you.
There is a stone staircase leading up, spattered with blood here.
You slash the hobgoblin!
You kill the hobgoblin!
Trog accepts your kill. The gnoll closely misses you.
Reach: j) +1 halberd (antimagic)
Press: ? - help, Dir - move target, f - gnoll
Aim: a gnoll, wielding a +0 spear (about 46% to evade your +1 antimagic halberd)
You reach to attack!
You hit the gnoll.
The gnoll is moderately wounded.
The gnoll hits you from afar with a +0 spear.
The gnoll hits you from afar with a +2 halberd of pain!
The gnoll hits you from afar with a +0 halberd.
The gnoll barely misses you.
The gnoll hits you from afar with a +2 halberd of pain!
You writhe in agony.
The gnoll hits you from afar with a +0 halberd.
* * * LOW HITPOINT WARNING * * *
The gnoll hits you from afar with a +0 spear.
* * * LOW HITPOINT WARNING * * *
The gnoll hits you from afar with a +2 halberd of pain.
* * * LOW HITPOINT WARNING * * *
You writhe in agony.
* * * LOW HITPOINT WARNING * * *
The gnoll hits you from afar with a +0 halberd!
You die...

...#.# ...
.... . ..≈
##.#..###
.≈≈≈ .....
... .≈≈≈≈
......##.≈≈
#..#....
#.....#
#@.# #..#


gg.g. ........ #.#..##.## ..#..# ... ....... ... .## .... .. You could see 3
gnolls.

Vanquished Creatures
  3 orc wizards
  3 gnolls (D:2)
  4 adders
  3 dart slugs
  3 orcs (D:3)
  8 ball pythons
  6 endoplasms
  A giant cockroach (D:2)
  5 goblins
  7 hobgoblins
  3 jackals (D:1)
  5 quokkas
  4 bats
  A frilled lizard (D:1)
  4 kobolds
  A rat (D:3)
61 creatures vanquished.

Notes
Turn   | Place    | Note
-------+----------+-------------------------------------------
     0 | D:1      | ticklebelly the Minotaur Berserker began the quest for the
                  | Orb.
     0 | D:1      | Reached XP level 1. HP: 19/19 MP: 0/0
    88 | D:1      | Reached XP level 2. HP: 27/27 MP: 1/1
   193 | D:1      | Found a faded altar of an unknown god.
  1093 | D:2      | Reached XP level 3. HP: 34/34 MP: 2/2
  1103 | D:2      | Reached ** piety under Trog
  1415 | D:2      | Reached skill level 1 in Shields
  1415 | D:2      | Reached XP level 4. HP: 23/41 MP: 0/3
  2233 | D:2      | Reached skill level 5 in Fighting
  2233 | D:2      | Reached skill level 5 in Axes
  2673 | D:3      | Reached XP level 5. HP: 48/48 MP: 1/4
  2690 | D:3      | Reached *** piety under Trog
  3710 | D:4      | Slain by a gnoll

Illustrated notes

Levels and vault maps discovered:
D:1:      elethiomel_arrival_infinity_welcomes_careful_drivers,
          layout_loops_cross, shapermc_ecumenical_altar_totnotflames,
          ebering_dispersal_statue_hall
D:2:      layout_basic, st_stairs_6
D:3:      layout_loops_ring, serial_aquarium, aquarium_bridge_long_joined
          [aquarium_subvault_bridge, aquarium_subvault_window,
          aquarium_subvault_wall, aquarium_subvault_window,
          aquarium_subvault_bridge, aquarium_subvault_wall],
          aquarium_window_fake, aquarium_window_fake, aquarium_view_2f
D:4:      old_forge, layout_loops_ring, gammafunk_temple_overflow_arena,
          temple_pool_b

Skill      XL: |  1  2  3  4  5 |
---------------+----------------+-----
Fighting       | 4 5 |  5.2
Axes           | 4 5 |  5.2
Shields        | 1 2 |  2.5
Armour         | 3 |  3.0
Dodging        | |  2.7

Action                   |  1- 3 |  4- 6 || total
-------------------------+-------+-------++-------
Melee: Hand axe          |    51 |     8 ||    59
       Headbutt          |     8 |     7 ||    15
       Halberd           |       |    50 ||    50
Throw: Boomerang         |    15 |    26 ||    41
Invok: Berserk           |       |     1 ||     1
       Trog's Hand       |       |     1 ||     1
Armor: Animal skin       |     8 |     6 ||    14
Dodge: Dodged            |    39 |    44 ||    83
Block: Buckler           |     1 |     3 ||     4
